AoeStats
← mihneabuia

Arena

510132131Analyzed
1v1 RM · 3d ago on Sep 29, 2026· 29m 51s· 2 players
Game mode
Random Map
Map size
Tiny (2 player)
Population
200
Speed
Normal
Resources
Standard
Victory
Conquest
Starting age
Dark Age
Ending age
Imperial Age
RankedLock teamsTeams togetherTeam positionsShared explorationLock speedFull tech treeHidden civsTurbo modeCheats
Victory
Defeat
🇷🇴 Franks · Romania
235
+11
🇫🇷 Goths · France
130
-11
tom.mallet
0:39 Loom
12:40 Feudal Age
14:23 Wheelbarrow
14:23 Double-Bit Axe
14:31 Gold Mining
20:09 Man-at-Arms
21:15 Horse Collar
25:07 Castle Age
24:05 Scale Mail Armor
24:16 Forging
26:33 Hand Cart
26:24 Heavy Plow
26:37 Bow Saw
26:27 Stone Mining
26:22 Pikeman
26:22 Long Swordsman
27:02 Squires
27:45 Squires
28:32 Fervor
mihneabuia
11:19 Feudal Age
12:42 Double-Bit Axe
12:54 Gold Mining
18:04 Stone Mining
23:55 Castle Age
23:24 Padded Archer Armor
23:33 Fletching
25:05 Bow Saw
25:35 Gold Shaft Mining
24:47 Crossbowman
Connection lost

Rejoining the realm…

Still unreachable

The connection could not be restored.

Session expired

The server has moved on; the page needs a fresh start.